 Dungeon Crawl Stone Soup version 0.30-b1-2-g02819fbbbe (webtiles) character file.

Game seed: 7656106767347965509

849 maniek23 the Skirmisher (level 8, -1/63 HPs)
             Began as a Gnoll Hunter on July 25, 2023.
             Was a Believer of Trog.
             Slain by a black bear (10 damage)
             ... on level 5 of the Dungeon.
             The game lasted 00:17:19 (4941 turns).

maniek23 the Skirmisher (Gnoll Hunter)              Turns: 4941, Time: 00:17:20

Health: -1/63      AC: 13    Str: 13    XL:     8   Next: 1%
Magic:  12/12      EV:  5    Int:  9    God:    Trog [**....]
Gold:   159        SH:  0    Dex: 15    Spells: 13/13 levels left

rFire   . . .        b - +0 dagger
rCold   . . .        (no shield)
rNeg    . . .        o - +0 plate armour
rPois   .            (no helmet)
rElec   .            k - +0 cloak
rCorr   .            i - +0 pair of gloves
SInv    .            (no boots)
Will    .....        (no amulet) Stlth
                     (no ring)
HPRegen 0.30/turn    (no ring)
MPRegen 0.13/turn

%: no passive effects
@: studying Short Blades
A: fangs 1, strong nose, distributed training
a: Renounce Religion, Berserk, Trog's Hand


You were on level 5 of the Dungeon.
You worshipped Trog.
Trog was pleased with you.
You visited 1 branch of the dungeon, and saw 5 of its levels.

You collected 159 gold pieces.

Inventory:

Hand Weapons
 a - a +0 shortbow
 b - a +0 dagger (weapon)
 u - a +0 falchion
 w - a +0 short sword
Armour
 c - a +0 leather armour
 i - a +0 pair of gloves (worn)
 k - a +0 cloak (worn)
 o - a +0 plate armour (worn)
Scrolls
 d - a scroll of fog {unknown}
 f - 3 scrolls of teleportation
 j - a scroll of silence {unknown}
 m - a scroll of torment {unknown}
 p - 2 scrolls of immolation
 q - 4 scrolls of identify {unknown}
 v - 3 scrolls of vulnerability {unknown}
Potions
 e - a potion of brilliance {unknown}
 g - 3 potions of resistance {unknown}
 h - a potion of flight {unknown}
 l - a potion of cancellation {unknown}
 n - a potion of berserk rage {unknown}
 r - a potion of heal wounds {unknown}
 s - a potion of mutation {unknown}
 t - 2 potions of degeneration {unknown}


   Skills:
 + Level 5.5 Fighting
 + Level 3.6 Short Blades
 + Level 3.0 Long Blades
 + Level 3.0 Axes
 + Level 3.0 Maces & Flails
 + Level 3.0 Polearms
 + Level 3.0 Staves
 + Level 9.1 Ranged Weapons
 + Level 3.0 Throwing
 + Level 3.0 Armour
 + Level 5.5 Dodging
 + Level 3.8 Stealth
 + Level 3.0 Shields
 + Level 3.0 Unarmed Combat
 + Level 3.0 Spellcasting
 + Level 2.4 Conjurations
 + Level 2.4 Hexes
 + Level 2.4 Summonings
 + Level 2.4 Necromancy
 + Level 2.4 Translocations
 + Level 2.4 Transmutations
 + Level 2.4 Fire Magic
 + Level 2.4 Ice Magic
 + Level 2.4 Air Magic
 + Level 2.4 Earth Magic
 + Level 2.4 Poison Magic
 + Level 3.2 Invocations
 + Level 3.0 Evocations


You had 13 spell levels left.
You didn't know any spells.
Your spell library was empty.

Dungeon Overview and Level Annotations

Branches:
Dungeon (5/15)
 Temple: D:4-7

Altars:
Trog
Xom


Innate Abilities, Weirdness & Mutations

You have very sharp teeth.
Your uncanny sense of smell can sniff out nearby items.
Your experience applies equally to all skills.


Message History

The black bear is almost dead.
The black bear bites you.
* * * LOW HITPOINT WARNING * * *
The black bear claws you but does no damage. x2
You hit the black bear but do no damage.
Your bite misses the black bear.
The black bear is almost dead.
The black bear bites you.
* * * LOW HITPOINT WARNING * * *
The black bear claws you but does no damage.
The black bear claws you.
* * * LOW HITPOINT WARNING * * *
You hit the black bear.
The black bear is almost dead.
The black bear bites you but does no damage.
The black bear claws you but does no damage. x2
The black bear barely misses you.
The black bear claws you but does no damage.
The black bear claws you.
* * * LOW HITPOINT WARNING * * *
You hit the black bear.
The black bear is almost dead.
The black bear bites you but does no damage.
The black bear claws you but does no damage.
The black bear claws you.
* * * LOW HITPOINT WARNING * * *
Unknown command.
You hit the black bear.
You bite the black bear, but do no damage.
The black bear is almost dead.
The black bear bites you but does no damage.
The black bear claws you but does no damage.
The black bear claws you.
* * * LOW HITPOINT WARNING * * *
You hit the black bear.
The black bear is almost dead.
The black bear bites you but does no damage.
The black bear claws you but does no damage. x2
The black bear bites you!
You die...

## .......
..........#
##.....
#........(##
#.....
..........
#....?
##.......##
#..♣..
#.........#
###♣~.
#.........##
♣P~
####...h.......
♣~.
.......@.....#
####...........
##?>.....###
##...(.##
#######


You could see a black bear (berserk).

Vanquished Creatures
  Grinder (D:3)
  An ogre (D:4)
  A bullfrog (D:4)
  A scorpion (D:4)
  A howler monkey (D:4)
  2 jellies (D:4)
  An orc priest (D:4)
  2 hounds (D:4)
  An iguana (D:4)
  A sleepcap (D:4)
  Jessica (D:3)
  An orc wizard (D:4)
  4 gnolls
  2 adders (D:4)
  A white imp (D:5)
  3 ufetubi
  A worm (D:4)
  2 dart slugs
  4 orcs
  2 bats
  11 endoplasms
  3 giant cockroaches
  10 goblins
  8 hobgoblins
  5 quokkas
  3 ball pythons
  A frilled lizard (D:1)
  10 kobolds
  5 rats
  A spectral kobold (D:1)
90 creatures vanquished.

Vanquished Creatures (others)
  A giant cockroach (D:4)
1 creature vanquished.

Grand Total: 91 creatures vanquished

Notes
Turn   | Place    | Note
-------+----------+-------------------------------------------
     0 | D:1      | maniek23 the Gnoll Hunter began the quest for the Orb.
     0 | D:1      | Reached XP level 1. HP: 20/20 MP: 1/1
    35 | D:1      | Found a faded altar of an unknown god.
    43 | D:1      | Prayed at the altar of an unknown god.
    43 | D:1      | Became a worshipper of Trog the Wrathful
    43 | D:1      | Reached * piety under Trog
   152 | D:1      | Reached XP level 2. HP: 26/26 MP: 2/2
   639 | D:1      | Reached XP level 3. HP: 31/31 MP: 3/3
  1034 | D:2      | Reached skill level 1 in Invocations
  1524 | D:3      | Noticed Grinder
  1530 | D:3      | Paralysed by Grinder for 2 turns
  1536 | D:3      | Killed Grinder
  1537 | D:3      | Reached skill level 1 in Short Blades
  1537 | D:3      | Reached skill level 1 in Long Blades
  1537 | D:3      | Reached skill level 1 in Axes
  1537 | D:3      | Reached skill level 1 in Maces & Flails
  1537 | D:3      | Reached skill level 1 in Polearms
  1537 | D:3      | Reached skill level 1 in Staves
  1537 | D:3      | Reached skill level 1 in Throwing
  1537 | D:3      | Reached skill level 1 in Armour
  1537 | D:3      | Reached skill level 1 in Shields
  1537 | D:3      | Reached skill level 1 in Unarmed Combat
  1537 | D:3      | Reached skill level 1 in Spellcasting
  1537 | D:3      | Reached skill level 1 in Conjurations
  1537 | D:3      | Reached skill level 1 in Hexes
  1537 | D:3      | Reached skill level 1 in Summonings
  1537 | D:3      | Reached skill level 1 in Necromancy
  1537 | D:3      | Reached skill level 1 in Translocations
  1537 | D:3      | Reached skill level 1 in Transmutations
  1537 | D:3      | Reached skill level 1 in Fire Magic
  1537 | D:3      | Reached skill level 1 in Ice Magic
  1537 | D:3      | Reached skill level 1 in Air Magic
  1537 | D:3      | Reached skill level 1 in Earth Magic
  1537 | D:3      | Reached skill level 1 in Poison Magic
  1537 | D:3      | Reached skill level 1 in Evocations
  1537 | D:3      | Reached XP level 4. HP: 33/38 MP: 4/6
  1537 | D:3      | Reached XP level 5. HP: 38/43 MP: 4/7
  1537 | D:3      | Reached XP level 6. HP: 44/50 MP: 4/8
  2201 | D:3      | Noticed Jessica
  2208 | D:3      | Killed Jessica
  2209 | D:3      | Reached skill level 5 in Fighting
  2209 | D:3      | Reached skill level 5 in Dodging
  2388 | D:4      | Reached ** piety under Trog
  3094 | D:4      | Reached XP level 7. HP: 26/56 MP: 10/10
  3548 | D:4      | Found a shimmering altar of Xom.
  4255 | D:5      | Entered Level 5 of the Dungeon
  4479 | D:4      | Reached skill level 9 in Ranged Weapons
  4804 | D:4      | Reached XP level 8. HP: 44/63 MP: 12/12
  4941 | D:5      | Slain by a black bear

Illustrated notes

Levels and vault maps discovered:
D:1:      heliophobic_arrival_battle_scene, layout_basic,
          dreamdust_ecumenical_altar_drowned_temple
D:2:      layout_loops_cross
D:3:      layout_basic, uniq_jessica, uniq_grinder
D:4:      layout_basic, xom_confusion_cloud, minmay_manual_mail
D:5:      layout_rooms, mainiacjoe_overflow_alcove_1,
          minmay_overflow_temple_star_quad, serial_bayou_crossing

Skill      XL: |  1  2  3  4  5  6  7 |
---------------+----------------------+-----
Invocations    | 2 3 |  3.2
Short Blades   | 1 2 3 |  3.6
Long Blades    | 1 2 3 |  3.0
Axes           | 1 2 3 |  3.0
Maces & Flails | 1 2 3 |  3.0
Polearms       | 1 2 3 |  3.0
Staves         | 1 2 3 |  3.0
Throwing       | 1 2 3 |  3.0
Armour         | 1 2 3 |  3.0
Stealth        | 3 |  3.8
Shields        | 1 2 3 |  3.0
Unarmed Combat | 1 2 3 |  3.0
Spellcasting   | 1 2 3 |  3.0
Conjurations   | 1 2 |  2.4
Hexes          | 1 2 |  2.4
Summonings     | 1 2 |  2.4
Necromancy     | 1 2 |  2.4
Translocations | 1 2 |  2.4
Transmutations | 1 2 |  2.4
Fire Magic     | 1 2 |  2.4
Ice Magic      | 1 2 |  2.4
Air Magic      | 1 2 |  2.4
Earth Magic    | 1 2 |  2.4
Poison Magic   | 1 2 |  2.4
Evocations     | 1 2 3 |  3.0
Fighting       | 5 |  5.5
Dodging        | 5 |  5.5
Ranged Weapons | 9 |  9.1

Action                     |  1- 3 |  4- 6 |  7- 9 || total
---------------------------+-------+-------+-------++-------
  Melee: Unarmed           |     5 |       |       ||     5
         Falchion          |     3 |    87 |       ||    90
         Bite              |     1 |    18 |    29 ||    48
         Punch             |     1 |     2 |     8 ||    11
         Dagger            |       |    32 |   232 ||   264
   Fire: Shortbow          |    79 |    24 |    18 ||   121
 Invoke: Berserk           |     1 |     1 |     3 ||     5
    Use: Scroll            |       |       |     1 ||     1
 Armour: Leather armour    |     7 |       |       ||     7
         Plate armour      |    12 |   101 |   178 ||   291
  Dodge: Dodged            |    12 |    21 |    47 ||    80
